Map: Data-C

Players

Exterminator - Winner!

  • Race: Terran Terran
  • League: Silver
  • Spawn Location: 9:00

Lioulik

  • Race: Protoss Protoss
  • League: Silver
  • Spawn Location: 3:00

VOD

Have the link to the VOD?

Description

Standard TvT

Time

  • Played on: Oct. 29, 2022, 3:39 a.m.
  • Length: 24:07
Show
View Real Time Build Order
Export as new Build Order

Exterminator Terran - Winner!

Build Orders:  

Get SALT Encoding   

  12  0:01  SCV  
  13  0:13  SCV  
  14  0:20  Supply Depot  
  14  0:26  Refinery  
  14  0:29  SCV  
  15  0:43  Barracks  
  15  0:48  SCV  
  16  0:58  Refinery  
  16  1:00  SCV  
  17  1:13  Supply Depot  
  17  1:17  SCV  
  18  1:31  Marine  
  19  1:38  Factory  
  19  1:41  SCV  
  20  1:53  SCV  
  21  2:05  SCV, Barracks Tech Lab  
  22  2:10  Ghost Academy  
  22  2:18  SCV  
  23  2:26  Marauder  
  23  2:27  Factory Tech Lab  
  25  2:36  Starport  
  25  2:44  Orbital Command  
  25  3:02  Siege Tank  
  28  3:11  Marauder  
  28  3:12  SCV  
  31  3:21  Supply Depot  
  31  3:38  Concussive Shells  
  31  3:43  Medivac, SCV  
  34  3:52  Command Center  
  34  3:58  Engineering Bay  
  34  3:59  SCV  
  35  4:03  Siege Tank  
  38  4:16  Supply Depot  
  38  4:18  SCV  
  39  4:25  Terran Infantry Weapons Level 1  
  39  4:37  Marauder  
  41  4:46  Barracks  
  41  4:50  SCV  
  42  4:56  Liberator  
  43  6:09  Ghost, Barracks Tech Lab  
  45  6:11  Siege Tank  
  48  6:28  Ghost  
  50  6:38  SCV  
  51  6:40  Ghost  
  53  7:20  Siege Tank  
  56  7:22  Starport Reactor  
  56  7:36  Refinery  
  56  7:38  Refinery  
  56  7:40  Marauder x2  
  56  7:42  SCV  
  61  7:56  Barracks  
  61  7:58  Barracks  
  61  8:04  Supply Depot  
  61  8:05  Marauder  
  61  8:16  Marauder  
  62  8:31  Barracks  
  62  8:34  Orbital Command  
  62  8:35  Barracks  
  62  8:39  Siege Tank  
  65  8:46  Marauder x2  
  69  8:52  SCV  
  70  9:04  Command Center  
  70  9:12  SCV  
  70  9:46  Medivac, SCV  
  70  9:49  Command Center  
  70  10:11  Barracks x2  
  70  10:16  Terran Infantry Armor Level 1  
  70  10:23  Supply Depot  
  70  10:24  SCV  
  70  10:25  Supply Depot  
  70  10:45  Siege Tank, Medivac, SCV  
  70  10:57  Ghost x2, SCV  
  71  11:06  Nuke  
  71  11:09  Medivac, SCV  
  74  11:15  Liberator  
  74  11:17  Siege Tank  
  70  12:13  Missile Turret  
  70  12:14  Missile Turret  
  70  12:17  Bunker  
  54  13:16  Ghost x2  
  61  13:20  Siege Tank  
  60  13:54  Barracks Tech Lab  
  60  13:56  Barracks Reactor  
  60  13:57  Supply Depot  
  60  14:02  SCV x2  
  62  14:07  Siege Tank  
  65  14:14  SCV x2  
  67  14:26  Marauder  
  67  14:27  Marauder x2  
  67  14:29  SCV x2  
  75  14:41  SCV x2  
  77  14:49  Starport  
  77  14:57  Starport Tech Lab  
  77  15:01  Marauder x2  
  83  15:07  Marine x2, Marauder  
  85  15:22  Ghost x2  
  85  15:25  Marine  
  85  15:28  Ghost  
  93  15:31  Marine  
  93  15:33  Armory  
  74  16:03  SCV x2  
  76  16:20  Terran Infantry Weapons Level 2  
  76  16:24  Supply Depot  
  76  16:25  Supply Depot  
  73  16:57  Ghost x2  
  73  16:58  Barracks Tech Lab  
  73  16:59  Barracks Tech Lab  
  77  17:09  Siege Tank  
  41  18:30  Banshee  
  41  18:33  Viking  
  45  19:03  Marauder  
  33  20:29  SCV  
Show
View Real Time Build Order
Export as new Build Order

Lioulik Protoss 

Build Orders:  

Get SALT Encoding   

  12  0:01  Probe  
  13  0:13  Probe  
  14  0:22  Pylon  
  14  0:25  Probe  
  15  0:36  Assimilator  
  15  0:40  Probe (Chrono Boost)  
  16  0:49  Probe (Chrono Boost)  
  17  0:54  Probe  
  18  1:06  Probe  
  19  1:14  Pylon  
  19  1:18  Probe  
  19  1:22  Gateway  
  20  1:29  Pylon  
  20  1:31  Probe  
  21  1:43  Probe  
  22  1:56  Nexus  
  22  2:11  Cybernetics Core  
  22  2:15  Pylon  
  22  2:21  Forge  
  22  2:26  Probe  
  23  2:35  Assimilator  
  23  2:38  Zealot (Chrono Boost), Probe  
  26  2:44  Warp Gate (Chrono Boost)  
  26  2:57  Photon Cannon  
  26  2:59  Probe  
  27  3:10  Photon Cannon  
  27  3:11  Probe  
  27  3:12  Probe  
  29  3:16  Protoss Ground Weapons Level 1 (Chrono Boost)  
  29  3:23  Probe  
  29  3:24  Probe  
  31  3:35  Probe  
  31  3:39  Twilight Council  
  32  3:42  Shield Battery  
  32  3:45  Photon Cannon  
  32  3:50  Probe (Chrono Boost)  
  33  3:57  Pylon, Probe (Chrono Boost)  
  35  4:07  Probe (Chrono Boost)  
  35  4:08  Probe (Chrono Boost)  
  36  4:13  Gateway, Probe (Chrono Boost)  
  36  4:14  Probe (Chrono Boost)  
  38  4:21  Photon Cannon  
  38  4:23  Shield Battery  
  38  4:28  Pylon  
  38  4:31  Probe x2  
  39  4:36  Stalker  
  42  4:48  Photon Cannon  
  42  4:51  Gateway  
  42  4:54  Gateway  
  42  4:56  Charge (Chrono Boost)  
  42  5:05  Probe  
  43  5:11  Zealot x2  
  43  5:24  Probe  
  43  5:26  Probe  
  39  5:36  Probe  
  33  5:46  Probe  
  33  5:48  Probe  
  31  5:50  Zealot  
  31  5:51  Zealot x2  
  37  5:59  Stalker, Probe  
  37  6:00  Probe  
  41  6:11  Probe  
  42  6:12  Probe  
  43  6:23  Probe  
  43  6:24  Probe  
  45  6:27  Blink (Chrono Boost)  
  45  6:31  Stalker  
  45  6:32  Stalker x2  
  51  6:35  Probe  
  51  6:36  Probe  
  48  6:47  Probe  
  48  6:49  Stalker  
  51  6:57  Photon Cannon  
  50  7:13  Probe  
  50  7:14  Probe  
  52  7:21  Stalker x4  
  60  7:25  Probe  
  60  7:26  Probe  
  62  7:37  Probe  
  62  7:42  Pylon  
  63  7:50  Probe  
  64  7:54  Stalker  
  64  7:58  Zealot x2  
  70  8:06  Pylon  
  70  8:08  Pylon, Probe  
  70  8:10  Pylon  
  69  8:22  Nexus  
  65  8:33  Pylon  
  65  8:43  Zealot x4  
  73  8:55  Probe  
  74  9:00  Robotics Facility  
  74  9:05  Assimilator  
  74  9:08  Probe  
  75  9:10  Assimilator  
  75  9:25  Probe  
  75  9:28  Zealot x4  
  82  9:41  Probe x3  
  85  9:53  Probe  
  72  10:04  Probe  
  72  10:06  Observer  
  72  10:14  Pylon  
  72  10:16  Gateway  
  72  10:17  Gateway, Probe x2  
  72  10:20  Gateway  
  74  10:23  Gateway  
  74  10:29  Stalker x2  
  74  10:30  Stalker  
  74  10:31  Protoss Ground Weapons Level 2 (Chrono Boost)  
  74  10:33  Probe  
  74  10:34  Probe  
  76  10:53  Zealot x3  
  76  10:54  Zealot  
  54  11:22  Dark Shrine  
  54  11:28  Gateway  
  54  11:30  Gateway  
  54  11:32  Gateway  
  49  11:36  Pylon  
  49  11:37  Zealot  
  49  11:38  Pylon, Zealot x3  
  49  11:39  Pylon  
  45  11:41  Pylon  
  45  11:43  Pylon  
  45  11:44  Pylon  
  45  11:54  Probe  
  38  11:56  Probe  
  38  11:58  Zealot  
  38  11:59  Zealot x3  
  47  12:06  Probe  
  48  12:12  Gateway  
  48  12:14  Gateway  
  48  12:16  Shield Battery  
  48  12:21  Pylon  
  48  12:24  Zealot x4  
  48  12:25  Zealot  
  55  12:39  Dark Templar  
  55  12:40  Dark Templar  
  59  12:47  Stalker x2  
  59  12:48  Stalker x3  
  64  13:09  Probe  
  65  13:13  Probe (Chrono Boost)  
  66  13:26  Probe (Chrono Boost)  
  66  13:27  Probe (Chrono Boost)  
  68  13:30  Stalker  
  68  13:31  Nexus  
  68  13:32  Probe (Chrono Boost)  
  72  13:34  Pylon x2, Probe (Chrono Boost)  
  72  13:37  Pylon  
  72  13:40  Pylon  
  70  13:53  Probe  
  70  13:54  Probe  
  72  13:56  Stalker x4  
  80  14:05  Archon, Probe  
  80  14:06  Probe  
  80  14:08  Protoss Shields Level 1 (Chrono Boost)  
  82  14:21  Probe  
  82  14:22  Probe, Twilight Council  
  84  14:37  Pylon  
  84  14:38  Shield Battery  
  84  14:44  Probe  
  85  14:47  Observer  
  83  15:03  Stalker  
  83  15:04  Stalker x3  
  83  15:05  Stalker  
  63  16:01  Probe  
  64  16:08  Gateway  
  64  16:09  Gateway  
  64  16:11  Gateway  
  64  16:14  Gateway  
  64  16:17  Gateway  
  64  16:18  Gateway  
  64  16:36  Dark Templar  
  64  16:39  Pylon  
  58  16:41  Pylon, Zealot x2  
  58  16:42  Zealot x4  
  58  16:43  Pylon, Zealot x2  
  58  16:46  Nexus  
  74  16:48  Pylon  
  74  16:52  Pylon  
  74  17:03  Dark Templar  
  73  17:20  Pylon  
  73  17:22  Pylon  
  73  17:26  Pylon  
  73  17:27  Pylon  
  73  17:29  Pylon  
  67  17:36  Probe  
  64  17:40  Probe  
  51  17:44  Dark Templar  
  51  17:49  Probe  
  50  17:57  Probe  
  50  17:58  Probe  
  48  18:02  Dark Templar  
  43  18:31  Probe  
  40  18:35  Zealot x4  
  40  18:36  Zealot x3  
  54  18:47  Probe (Chrono Boost)  
  52  18:57  Probe (Chrono Boost)  
  52  19:02  Probe (Chrono Boost)  
  30  19:13  Zealot x2, Probe  
  30  19:14  Zealot  
  31  19:24  Gateway  
  31  19:25  Probe  
  30  19:46  Probe x2  
  30  19:49  Zealot  
  32  20:05  Assimilator  
  26  20:54  Nexus  
  26  20:56  Observer  
  23  20:58  Probe (Chrono Boost)  
  24  21:09  Probe (Chrono Boost)  
  25  21:29  Probe  
  16  21:42  Probe  
  16  21:46  Stalker  
  17  22:28  Cybernetics Core  
  17  22:36  Probe (Chrono Boost)  
  18  22:46  Probe (Chrono Boost)  
  19  22:51  Probe (Chrono Boost)  
  20  23:03  Probe  
  21  23:12  Pylon  
  10  23:21  Stalker  
Tags
 
Matchup
PvT
Spawn Locations
Cross Positions
Add a new tag
Caveats
  • Supply blocks, unpowered buildings, or Contaminate may cause inaccurate times.
  • Supply counts are checked every 10 seconds.